 Dungeon Crawl Stone Soup version 0.16-a0-1970-g0967df0 (webtiles) character file.

151 timbw the Caller (level 5, 0/31 HPs)
             Began as a High Elf Summoner on Nov 7, 2014.
             Shot with an arrow by a centaur (6 damage)
             ... on level 6 of the Dungeon.
             The game lasted 00:07:17 (1375 turns).

timbw the Caller (High Elf Summoner)                Turns: 1375, Time: 00:07:17

Health: 0/31       AC:  8    Str:  7    XL:     5   Next: 11%
Magic:  4/16       EV: 10    Int: 24    God:
Gold:   48         SH:  0    Dex: 16    Spells: 4 memorised, 3 levels left

rFire  . . .     SeeInvis .     h - +0 spear
rCold  . . .     Clarity  .     l - +0 leather armour
rNeg   . . .     SustAb   .     (no shield)
rPois  .         Gourm    .     (no helmet)
rElec  .         Spirit   .     n - +0 cloak
rCorr  .         Warding  .     p - +0 pair of gloves
rMut   .         Stasis   .     u - +2 pair of boots
MR     .....                    (no amulet)
Stlth  ++........               (no ring)
                                f - +5 ring of intelligence

@: very slightly contaminated, not resistant to hostile enchantments, unstealthy
A: no striking features
a: no special abilities


You were on level 6 of the Dungeon.
You were not hungry.

You visited 2 branches of the dungeon, and saw 7 of its levels.

You collected 48 gold pieces.

Inventory:

Hand weapons
 h - a +0 spear (weapon)
Armour
 a - a +0 robe
 l - a +0 leather armour (worn)
 n - a +0 cloak (worn)
 p - a +0 pair of gloves (worn)
 u - a +2 pair of boots (worn)
Jewellery
 f - a +5 ring of intelligence (left hand)
Magical devices
 o - a wand of flame (24)
Scrolls
 e - a scroll of noise {unknown}
 g - 2 scrolls of fear {unknown}
 k - 2 scrolls of remove curse {unknown}
 q - 3 scrolls of identify {unknown}
 w - a scroll of summoning {unknown}
 x - a scroll of amnesia {unknown}
Potions
 d - a potion of heal wounds {unknown}
 m - a potion of mutation {unknown}
 r - a potion of porridge
 s - a potion of haste {unknown}
 t - 2 potions of curing {unknown}
 v - a potion of magic {unknown}
Books
 b - a book of Callings

   Spells                             Type                      Level
   *Summon Small Mammal               Summoning                    1
   *Call Imp                          Summoning                    2
   *Call Canine Familiar              Summoning                    3
   Summon Guardian Golem              Hexes/Summoning              4
   *Summon Lightning Spire            Summoning/Air                4
   Summon Ice Beast                   Ice/Summoning                4
Comestibles
 c - 3 bread rations
 i - a meat ration
 j - 5 chunks of flesh


   Skills:
 - Level 2.1 Dodging
 - Level 2.1 Stealth
 + Level 4.5 Spellcasting
 + Level 4.8 Summonings


You had 3 spell levels left.
You knew the following spells:

 Your Spells              Type           Power        Failure   Level  Hunger
a - Summon Small Mammal   Summ           ####         1%          1    None
b - Call Imp              Summ           ####....     1%          2    None
c - Call Canine Familiar  Summ           ####....     3%          3    ##.....
d - Summon Lightning Spi  Summ/Air       ###.....     34%         4    ####...


Dungeon Overview and Level Annotations

Branches:
Dungeon (7/15)             Temple (1/1) D:5

Altars:
Ashenzari
Cheibriados
Elyvilon
Kikubaaqudgha
Makhleb
Nemelex Xobeh
Okawaru
Qazlal
Trog
Vehumet
Xom
Yredelemnul
Zin
The Shining One


Message History

Press: ? - help, Dir - move target cursor, f/p - ball python
Aim: a ball python (heavily wounded)
You hit the ball python.
You kill the ball python!
There is a stone staircase leading down here.
You climb downwards.
Your summoned ally is left behind.
An iguana comes into view.
Found a thin leatherbound book.
Found a stone staircase leading down and a stone staircase leading up.
There is a stone staircase leading up here.
Unknown command.
A phantom comes into view.
The iguana hisses angrily.
Found 8 bolts.
There is a stone staircase leading up here.
You climb upwards.
A centaur comes into view.
The centaur shouts!
The centaur wields a shortbow.
The centaur shoots an arrow.
The arrow hits you.
You die...

..PP##.......
#......o..
##........
####...o.
##.... #...o
##..#
..########
####
......c.@#
##.##
......#....#
#...# .?#
####..#
##...# #.#
#..... ##
#..... ##....
##... ##..
#..


You could see a centaur.

Vanquished Creatures
  A giant gecko (D:6)
  A ball python (D:6)
  3 hobgoblins
  A kobold (D:1)
  2 bats (D:2)
8 creatures vanquished.

Vanquished Creatures (collateral kills)
  An ogre (D:5)
  A black bear zombie (D:5)
  A centaur skeleton (D:5)
  Crazy Yiuf (D:2)
  2 worker ants
  Ijyb (D:2)
  A shadow imp (D:5)
  An ooze (D:1)
  An orc (D:4)
  3 bats
  A giant cockroach (D:2)
  2 goblins
  2 hobgoblins
  A ball python (D:1)
  A kobold (D:1)
  A rat (D:5)
21 creatures vanquished.

Vanquished Creatures (others)
  3 hounds
  A white imp (D:2)
  4 quokkas
  2 bats
  4 rats (D:1)
14 creatures vanquished.

Grand Total: 43 creatures vanquished

Notes
Turn   | Place    | Note
--------------------------------------------------------------
     0 | D:1      | timbw, the High Elf Summoner, began the quest for the Orb.
     0 | D:1      | Reached XP level 1. HP: 11/11 MP: 4/4
   273 | D:2      | Reached XP level 2. HP: 7/17 MP: 4/6
   278 | D:2      | Learned a level 2 spell: Call Imp
   314 | D:2      | Noticed Ijyb
   353 | D:2      | Killed Ijyb
   443 | D:2      | Noticed Crazy Yiuf
   452 | D:2      | Killed Crazy Yiuf
   452 | D:2      | Reached skill level 4 in Summonings
   452 | D:2      | Reached XP level 3. HP: 16/21 MP: 0/10
   481 | D:2      | Learned a level 3 spell: Call Canine Familiar
   505 | D:2      | You fall through a shaft!
   505 | D:4      | Found a snail-covered altar of Cheibriados.
   515 | D:4      | Found a shattered altar of Ashenzari.
   731 | D:5      | Entered Level 5 of the Dungeon
   803 | D:5      | Reached XP level 4. HP: 27/27 MP: 3/13
   909 | D:5      | Learned a level 4 spell: Summon Lightning Spire
   981 | D:5      | Found a staircase to the Ecumenical Temple.
   990 | Temple   | Entered the Ecumenical Temple
  1251 | D:5      | Found an iron altar of Okawaru.
  1267 | D:5      | Noticed an ogre
  1290 | D:5      | Killed an ogre
  1290 | D:5      | Reached XP level 5. HP: 31/31 MP: 2/16
  1343 | D:6      | Noticed an orc warrior
  1373 | D:7      | Noticed a phantom
  1375 | D:6      | Noticed a centaur
  1375 | D:6      | Shot with an arrow by a centaur

Action                   |  1- 3 |  4- 6 || total
-------------------------+-------+-------++-------
Melee: Spear             |    31 |    14 ||    45
       Unarmed           |     5 |       ||     5
 Cast: Summon Small Mamm |    18 |       ||    18
       Call Imp          |    10 |     4 ||    14
       Call Canine Famil |     3 |     7 ||    10
Evoke: Wand              |       |     1 ||     1
 Stab: Sleeping          |     1 |       ||     1
  Eat: Chunk             |       |     3 ||     3
